Map: Dusk Towers

Players

Kelazhur

  • Race: Terran Terran
  • League: Master

AcerBly (Bly) - Winner!

  • Race: Zerg Zerg
  • League: Master

Event: DreamHack ZOWIE Open Leipzig

VOD

Have the link to the VOD?

Description

Time

  • Played on: Jan. 22, 2016, 8:04 a.m.
  • Length: 5:03

All games in this series

Show
View Real Time Build Order
Export as new Build Order

Kelazhur Terran 

Build Orders: Reaper Expand 

Get SALT Encoding   

  12  0:00  SCV  
  13  0:13  SCV  
  14  0:17  Supply Depot  
  14  0:25  SCV  
  15  0:38  SCV  
  15  0:40  Barracks  
  16  0:43  Refinery  
  16  0:51  SCV  
  17  1:03  SCV  
  18  1:15  SCV  
  19  1:28  Reaper  
  19  1:30  Orbital Command  
  20  1:39  Command Center  
  20  1:50  Supply Depot  
  20  1:56  SCV, Refinery  
  20  2:00  Marine  
  22  2:08  SCV  
  23  2:12  Factory  
  23  2:20  SCV  
  24  2:24  Barracks Reactor  
  24  2:26  Bunker  
  24  2:32  SCV  
  25  2:45  SCV  
  26  2:55  Bunker  
  26  2:57  SCV, Factory Tech Lab  
  27  3:00  Marine  
  27  3:01  Marine  
  29  3:07  SCV, Starport  
  29  3:18  Orbital Command  
  27  3:24  Siege Tank  
  27  3:26  SCV  
  29  3:30  Marine  
  31  3:36  Marine  
  31  3:40  Supply Depot  
  23  4:09  SCV x2  
  23  4:22  Siege Tank  
  20  4:24  Marine  
  15  4:42  Marine  
  16  4:46  SCV x2  
Show
View Real Time Build Order
Export as new Build Order

AcerBly Zerg - Winner!

Build Orders: Hatch First, Ravager All-In, Roach Aggression 

Get SALT Encoding   

  12  0:00  Drone  
  13  0:14  Overlord  
  13  0:20  Drone  
  14  0:33  Drone x2  
  16  0:37  Drone  
  17  0:54  Hatchery  
  16  1:02  Extractor  
  15  1:10  Spawning Pool  
  14  1:12  Drone  
  14  1:17  Drone  
  16  1:21  Drone  
  16  1:24  Drone  
  18  1:34  Drone  
  19  1:48  Drone  
  19  1:49  Extractor  
  19  1:57  Roach Warren, Queen  
  20  2:05  Queen  
  22  2:13  Drone  
  23  2:17  Drone  
  23  2:21  Overlord  
  23  2:41  Roach x2  
  23  2:42  Roach  
  28  2:50  Drone  
  29  2:57  Roach  
  31  3:04  Ravager x3  
  34  3:06  Drone  
  34  3:10  Drone  
  35  3:20  Overlord  
  35  3:24  Ravager  
  36  3:38  Overlord  
  36  3:45  Roach  
  36  3:46  Roach x2  
  36  4:11  Roach x2  
  40  4:23  Roach  
  42  4:24  Overlord  
  42  4:26  Drone x2  
  42  4:31  Ravager  
  43  4:39  Ravager x2  

Tags
 
Add a new tag
Caveats
  • Supply blocks, unpowered buildings, or Contaminate may cause inaccurate times.
  • Supply counts are checked every 10 seconds.